Map: Abyssal Reef LE

Players

Krr - Winner!

  • Race: Protoss Protoss
  • Spawn Location: 5:00

prabuty

  • Race: Protoss Protoss
  • Spawn Location: 11:00

Event: IEM XI Katowice - World Championship 2017

VOD

Have the link to the VOD?

Description

Time

  • Played on: Feb. 28, 2017, 5:12 a.m.
  • Length: 10:38

All games in this series

Show
View Real Time Build Order
Export as new Build Order

Krr Protoss - Winner!

Build Orders: Oracle Opening 

Get SALT Encoding   

  12  0:00  Probe (Chrono Boost)  
  13  0:11  Probe (Chrono Boost)  
  14  0:17  Pylon  
  14  0:22  Probe (Chrono Boost)  
  16  0:35  Probe (Chrono Boost)  
  16  0:36  Gateway  
  16  0:41  Assimilator  
  16  0:46  Probe (Chrono Boost)  
  17  0:51  Assimilator  
  17  0:56  Probe (Chrono Boost)  
  18  1:03  Gateway  
  18  1:07  Probe (Chrono Boost)  
  19  1:17  Probe (Chrono Boost)  
  20  1:23  Cybernetics Core  
  20  1:28  Probe (Chrono Boost)  
  20  1:31  Pylon  
  21  1:39  Probe (Chrono Boost)  
  22  1:47  Warp Gate  
  22  1:49  Probe (Chrono Boost)  
  23  1:59  Stalker x2  
  29  2:09  Mothership Core (Chrono Boost)  
  29  2:30  Nexus  
  29  2:40  Stargate  
  29  2:47  Pylon  
  29  2:53  Probe (Chrono Boost)  
  30  3:05  Probe (Chrono Boost)  
  31  3:10  Pylon  
  31  3:19  Probe (Chrono Boost)  
  31  3:20  Oracle, Robotics Facility  
  34  3:31  Probe (Chrono Boost)  
  36  3:43  Probe x2 (Chrono Boost)  
  37  3:53  Probe (Chrono Boost)  
  37  3:54  Probe (Chrono Boost)  
  37  3:55  Void Ray  
  43  4:05  Probe x2 (Chrono Boost)  
  45  4:13  Observer  
  45  4:15  Probe (Chrono Boost)  
  45  4:16  Probe (Chrono Boost)  
  48  4:27  Probe x2 (Chrono Boost)  
  48  4:29  Immortal  
  48  4:31  Assimilator  
  50  4:33  Assimilator  
  56  4:40  Pylon, Probe x2 (Chrono Boost)  
  56  4:41  Void Ray  
  56  4:52  Probe x2 (Chrono Boost)  
  62  4:59  Pylon  
  62  5:03  Pylon  
  62  5:04  Probe x2 (Chrono Boost)  
  64  5:09  Immortal  
  64  5:16  Probe x2 (Chrono Boost)  
  64  5:18  Protoss Air Weapons Level 1  
  70  5:21  Void Ray  
  74  5:31  Probe (Chrono Boost)  
  74  5:32  Probe (Chrono Boost)  
  76  5:40  Stargate  
  77  5:43  Probe (Chrono Boost)  
  77  5:44  Probe (Chrono Boost)  
  78  5:53  Nexus  
  78  5:56  Pylon  
  78  6:01  Immortal  
  82  6:10  Probe x2 (Chrono Boost)  
  84  6:12  Void Ray  
  84  6:14  Pylon  
  88  6:23  Probe x2 (Chrono Boost), Void Ray  
  94  6:36  Probe x2 (Chrono Boost)  
  94  6:38  Forge  
  96  6:40  Pylon  
  98  6:48  Assimilator, Probe x2 (Chrono Boost)  
  98  6:52  Assimilator, Void Ray  
  102  7:04  Probe x2 (Chrono Boost), Void Ray  
  104  7:12  Probe (Chrono Boost)  
  109  7:16  Stargate  
  109  7:24  Fleet Beacon  
  109  7:29  Probe (Chrono Boost), Void Ray  
  112  7:30  Probe x2 (Chrono Boost)  
  112  7:37  Pylon  
  116  7:40  Pylon  
  116  7:41  Void Ray  
  120  7:56  Pylon  
  120  7:58  Photon Cannon  
  120  8:04  Carrier  
  120  8:05  Photon Cannon  
  124  8:07  Protoss Air Weapons Level 2  
  130  8:20  Void Ray  
  130  8:24  Photon Cannon  
  130  8:25  Pylon  
  130  8:26  Pylon  
  130  8:27  Photon Cannon  
  130  8:29  Void Ray  
  130  8:36  Photon Cannon  
  134  8:45  Photon Cannon  
  134  8:57  Void Ray, Photon Cannon  
  134  9:01  Carrier  
  112  9:24  Void Ray  
  107  9:34  Void Ray  
  108  9:39  Probe (Chrono Boost)  
  108  9:41  Probe x2 (Chrono Boost)  
  114  9:51  Probe (Chrono Boost)  
  117  9:53  Probe x2 (Chrono Boost)  
  117  10:04  Probe (Chrono Boost)  
  117  10:05  Probe x2 (Chrono Boost)  
  126  10:16  Probe (Chrono Boost)  
  126  10:17  Probe (Chrono Boost)  
Show
View Real Time Build Order
Export as new Build Order

prabuty Protoss 

Build Orders: Zealot Archon 

Get SALT Encoding   

  12  0:01  Probe (Chrono Boost)  
  13  0:11  Probe (Chrono Boost)  
  14  0:18  Pylon  
  14  0:22  Probe (Chrono Boost)  
  15  0:36  Probe (Chrono Boost)  
  15  0:37  Gateway  
  16  0:44  Assimilator  
  16  0:47  Probe (Chrono Boost)  
  17  0:55  Assimilator  
  17  0:57  Probe (Chrono Boost)  
  18  1:05  Gateway  
  18  1:08  Probe (Chrono Boost)  
  19  1:19  Probe (Chrono Boost)  
  20  1:26  Cybernetics Core  
  20  1:29  Probe (Chrono Boost)  
  21  1:32  Pylon  
  21  1:40  Probe (Chrono Boost)  
  22  1:51  Probe (Chrono Boost)  
  23  1:56  Warp Gate  
  23  2:02  Stalker x2  
  23  2:05  Probe (Chrono Boost)  
  30  2:16  Mothership Core (Chrono Boost)  
  30  2:19  Pylon  
  30  2:42  Nexus  
  30  2:49  Stalker  
  32  2:54  Probe (Chrono Boost)  
  33  3:00  Stalker  
  35  3:14  Probe (Chrono Boost)  
  35  3:22  Robotics Facility  
  35  3:24  Probe (Chrono Boost)  
  36  3:30  Pylon  
  36  3:35  Probe (Chrono Boost)  
  37  3:44  Twilight Council  
  37  3:46  Probe (Chrono Boost)  
  39  3:56  Probe x2 (Chrono Boost)  
  39  3:59  Stalker  
  39  4:02  Stalker  
  44  4:05  Blink  
  44  4:08  Probe x2 (Chrono Boost)  
  44  4:09  Observer  
  47  4:19  Probe x2 (Chrono Boost)  
  48  4:29  Probe (Chrono Boost)  
  50  4:32  Assimilator, Probe (Chrono Boost)  
  50  4:34  Assimilator  
  50  4:39  Stalker  
  50  4:41  Stalker  
  50  4:44  Probe (Chrono Boost)  
  50  4:45  Probe (Chrono Boost)  
  56  4:55  Pylon, Probe (Chrono Boost)  
  56  4:56  Probe (Chrono Boost)  
  58  5:06  Probe (Chrono Boost)  
  60  5:08  Probe (Chrono Boost)  
  60  5:17  Probe (Chrono Boost)  
  60  5:21  Probe (Chrono Boost)  
  62  5:27  Probe (Chrono Boost)  
  63  5:28  Nexus  
  63  5:29  Pylon  
  63  5:33  Probe (Chrono Boost)  
  64  5:35  Templar Archives  
  64  5:38  Probe (Chrono Boost)  
  64  5:39  Pylon  
  65  5:45  Probe (Chrono Boost)  
  65  5:49  Gateway  
  66  5:50  Gateway  
  66  5:52  Gateway  
  66  5:54  Resonating Glaives  
  66  5:56  Pylon  
  67  5:58  Probe x2 (Chrono Boost)  
  68  6:05  Gateway  
  68  6:09  Probe (Chrono Boost)  
  68  6:10  Probe (Chrono Boost)  
  70  6:19  Probe (Chrono Boost)  
  70  6:22  High Templar x2  
  70  6:23  Probe (Chrono Boost)  
  76  6:29  Archon  
  76  6:30  Probe (Chrono Boost)  
  77  6:35  Probe (Chrono Boost)  
  78  6:40  Probe x2 (Chrono Boost)  
  78  6:44  Adept x2  
  85  6:47  Probe (Chrono Boost)  
  85  6:48  Adept  
  85  6:51  Assimilator, Probe x2 (Chrono Boost)  
  89  6:56  Assimilator  
  89  6:57  Gateway x2  
  89  6:59  Probe (Chrono Boost)  
  90  7:03  Gateway  
  90  7:12  High Templar x2  
  90  7:13  Adept x2  
  90  7:14  Adept x2  
  102  7:16  Warp Prism  
  102  7:17  Archon  
  102  7:22  Probe (Chrono Boost)  
  105  7:25  Forge  
  105  7:32  Gateway  
  105  7:35  Probe x2 (Chrono Boost)  
  105  7:36  Probe (Chrono Boost)  
  108  7:37  Pylon x2  
  108  7:40  Pylon x2  
  108  7:45  Pylon  
  108  7:47  Pylon  
  108  7:58  Protoss Ground Weapons Level 1, Adept x2  
  108  7:59  Adept x5  
  122  8:17  Pylon  
  122  8:18  Pylon  
  122  8:19  Pylon  
  122  8:36  Adept  
  122  8:37  Adept x6  
  122  8:38  Adept x2  
  140  8:44  Nexus  
  140  8:47  Probe (Chrono Boost)  
  140  8:48  Pylon  
  141  9:05  High Templar, Stalker  
  141  9:06  Stalker x7  
  139  9:19  High Templar  
  139  9:23  Probe (Chrono Boost)  
  132  9:32  Probe (Chrono Boost)  
  127  9:45  Probe (Chrono Boost)  
  110  9:46  Probe (Chrono Boost)  
  110  9:47  Stalker x8  
  110  9:48  Stalker  
  110  9:50  Assimilator, Probe (Chrono Boost)  
  110  9:52  Assimilator  
  124  9:57  Probe (Chrono Boost)  
  124  9:59  Probe (Chrono Boost)  
  126  10:04  Stargate x2  
  126  10:10  Stargate  
  126  10:12  High Templar  
  126  10:13  High Templar x3  
  126  10:14  High Templar  
  136  10:17  Archon  
  136  10:18  Archon  
  136  10:19  High Templar  
  136  10:20  Stalker x2  
  134  10:25  Archon  
  90  10:36  Stalker x2  

Tags
 
Add a new tag
Caveats
  • Supply blocks, unpowered buildings, or Contaminate may cause inaccurate times.
  • Supply counts are checked every 10 seconds.